 Dungeon Crawl Stone Soup version 0.27-a0-1202-ge72e49191c (webtiles) character file.

Game seed: 3440043588304267705

37338 27snakeeyes612 the Cleaver (level 13, -9/123 HPs)
             Began as a Naga Berserker on June 2, 2021.
             Was an Elder of Trog.
             Mangled by an elephant (34 damage)
             ... on level 3 of the Lair of Beasts.
             The game lasted 00:20:27 (26274 turns).

27snakeeyes612 the Cleaver (Naga Berserker)        Turns: 26274, Time: 00:20:27

Health: -9/123     AC: 15    Str: 31    XL:     13   Next: 96%
Magic:  13/13      EV:  5    Int: 15    God:    Trog [****..]
Gold:   811        SH:  0    Dex: 10    Spells: 12/12 levels left

rFire    + . .     SeeInvis +   E - +0 demon whip (drain)
rCold    . . .     Faith    .   r - +1 tower shield
rNeg     . . .     Spirit   .   n - +0 plate armour
rPois    +         Reflect  .   (no helmet)
rElec    +         Harm     .   (no cloak)
rCorr    +         Rampage  .   s - +0 pair of gloves
Will     +++..                  (no barding)
Stlth    ..........             p - amulet of regeneration
HPRegen  2.30/turn              l - ring of protection from fire
MPRegen  0.13/turn              N - ring of Binag {rElec rCorr Str+7 Int+6 Slay-2}

@: sleeping, strong-willed, regenerating, studying Stealth, very slow
A: AC +4, large, see invisible, deformed body, poison resistance, slowness 2,
spit poison 1, naga tail 2
a: Spit Poison, Renounce Religion, Berserk, Trog's Hand, Brothers in Arms


You were on level 3 of the Lair of Beasts.
You worshipped Trog.
Trog was greatly pleased with you.
You visited 2 branches of the dungeon, and saw 16 of its levels.

You collected 811 gold pieces.

Inventory:

Hand Weapons
 a - a +0 hand axe
 w - a +1 spectral war axe
 C - a +0 war axe of flaming
 E - a +0 demon whip of draining (weapon)
Armour
 b - a +0 animal skin
 n - a +0 plate armour (worn)
 r - a +1 tower shield (worn)
 s - a +0 pair of gloves (worn)
 t - a +0 cloak
Jewellery
 l - a ring of protection from fire (left hand)
 m - a ring of wizardry
 p - an amulet of regeneration (around neck)
 y - a ring of ice
 B - a ring of poison resistance
 D - a ring of protection from fire
 K - a ring of flight
 L - an amulet of guardian spirit
 N - the ring of Binag (right hand) {rElec rCorr Str+7 Int+6 Slay-2}
   (You found it on level 3 of the Lair of Beasts)

   [ring of intelligence]

   It affects your strength (+7).
   It affects your intelligence (+6).
   It affects your accuracy and damage with ranged weapons and melee attacks
   (-2).
   It insulates you from electricity.
   It protects you from acid and corrosion.
 P - a ring of ice
Wands
 i - a wand of digging (3)
 u - a wand of iceblast (23)
 F - a wand of polymorph (10)
 G - a wand of charming (17)
 H - a wand of mindburst (7)
 I - a wand of flame (17) (quivered)
 Q - a wand of paralysis (10)
Scrolls
 c - 3 scrolls of teleportation
 e - a scroll of torment
 k - 17 scrolls of identify
 q - a scroll of fog
 v - 3 scrolls of magic mapping
 x - 3 scrolls of blinking
 z - a scroll of holy word
 J - 2 scrolls of amnesia
 S - a scroll of enchant armour
Potions
 d - 3 potions of cancellation {unknown}
 f - 4 potions of mutation {unknown}
 g - 3 potions of attraction
 h - 3 potions of heal wounds {unknown}
 j - a potion of resistance
 A - 3 potions of curing
 M - a potion of ambrosia {unknown}
 O - 2 potions of degeneration {unknown}
 R - a potion of invisibility {unknown}


   Skills:
 + Level 9.9 Fighting
 + Level 10.4(12.0) Axes
 + Level 9.9(11.7) Maces & Flails
 + Level 10.3 Armour
 + Level 3.5 Dodging
 + Level 3.5 Stealth
 + Level 9.2 Shields
 + Level 0.1 Evocations


You had 12 spell levels left.
You didn't know any spells.
Your spell library was empty.

Dungeon Overview and Level Annotations

Branches:
Dungeon (12/15)            Temple (0/1) D:5            Lair (4/6) D:8
 Shoals (0/4) Lair:3       Spider (0/4) Lair:2          Orc (0/2) D:10

Altars:
Ashenzari
Makhleb
Qazlal
Sif Muna
Trog
Vehumet
Xom
Yredelemnul

Shops:
D:1 *[   D:9 [


Innate Abilities, Weirdness & Mutations

Your serpentine skin is tough. (AC +4)
You have supernaturally acute eyesight. (SInv)
Armour fits poorly on your strangely shaped body.
Your system is resistant to poisons. (rPois)
You cover ground very slowly.
You can spit poison.
You can use your snake-like lower body to constrict enemies.


Message History

The elephant barely misses you. The elephant closely misses you.
The elephant is no longer covered in acid.
The dream sheep completely misses you. The elephant tramples you!!
You wake up.
You stumble backwards!
The elephant tramples you!
* * * LOW HITPOINT WARNING * * *
You stumble backwards!
Blink to where?
Press: ? - help, Dir - move target
As you read the scroll of blinking, it crumbles to dust.
You block the elephant's attack.
The elephant trunk-slaps you but does no damage.
You block the elephant's attack. The elephant barely misses you.
The dream sheep bites you but does no damage.
The dream sheep barely misses you. The elephant tramples you!
* * * LOW HITPOINT WARNING * * *
You hold your ground!
You block the elephant's attack. x2
The elephant trunk-slaps you but does no damage.
The dream sheep bites you but does no damage.
You climb upwards.
There is a stone staircase leading down here.
Your skin crawls.
You feel strong-willed. You block the dream sheep's attack.
You block the elephant's attack.
The elephant trunk-slaps you but does no damage.
The elephant tramples you!
* * * LOW HITPOINT WARNING * * *
You hold your ground!
The elephant trunk-slaps you but does no damage.
The dream sheep bites you but does no damage.
You block the elephant's attack. x2
The elephant tramples you but does no damage.
The elephant trunk-slaps you.
* * * LOW HITPOINT WARNING * * *
The dream sheep bites you.
* * * LOW HITPOINT WARNING * * *
The dream sheep shake their wool and sparkle.
You feel drowsy...
You fall asleep.
The elephant tramples you!!
You die...

#....##....##....#.......#.......
.#...#.....#....##.......#.......
.#.........#....#........#.......
##....#....##....#...............
#.....#...##....#...#.#.##.......
.........###....#..#..##..P......
.................................
<................................
..............YY@................
...............YY................
..............>..................
..................#..P.##........
......###.###......#.#..#........
......#######...........#........
......#....##......#...........#.
.....##....##.....#....#......###
.....##....##..........##.....P##


You could see 2 elephants and 2 dream sheep.

Vanquished Creatures
  Fannar (D:12)
  2 hydras
  Erolcha (D:11)
  2 boulder beetles
  A centaur warrior (D:11)
  3 two-headed ogres
  Nergalle (Lair:3)
  3 skeletal warriors (D:12)
  A deep elf pyromancer (D:12)
  2 cyclopes
  An orb spider (Lair:2)
  A merfolk siren (Lair:3)
  7 elephants
  A black mamba (Lair:1)
  Joseph (D:7)
  5 cane toads
  An unseen horror (D:11)
  An efreet (D:12)
  10 komodo dragons
  2 polar bears (Lair:3)
  Grinder (D:4)
  Prince Ribbit (D:5)
  17 blink frogs
  3 slime creatures (D:12)
  2 dream sheep (Lair:4)
  3 vampires
  3 wraiths
  A wyvern (D:4)
  A shadow (D:9)
  3 basilisks
  17 yaks
  Eustachio (D:5)
  Menkaure (D:7)
  A vampire mosquito (D:9)
  A steam dragon (Lair:4)
  2 wargs (D:8)
  2 acid dragons
  9 water moccasins
  A hornet zombie (D:9)
  An ice beast (D:6)
  5 orc warriors
  A black bear (Lair:3)
  A necrophage (D:5)
  9 wolves
  3 ogres
  13 centaurs
  2 phantoms
  3 kobold brigands
  10 bullfrogs
  3 scorpions
  18 killer bees
  10 wights
  2 electric eels
  6 howler monkeys
  4 centaur zombies
  4 orc priests (D:8)
  4 bullfrog skeletons
  A jelly (D:5)
  Crazy Yiuf (D:7)
  2 gnoll shamans
  4 hounds
  A centaur skeleton (D:2)
  2 iguanas
  Jessica (D:2)
  Natasha (thrice) (D:2)
  Ijyb (D:3)
  8 orc wizards
  A hound skeleton (D:5)
  8 gnolls
  9 adders
  2 white imps
  A worm (D:2)
  2 dart slugs
  21 orcs
  7 endoplasms
  5 giant cockroaches
  14 goblins
  14 hobgoblins
  8 jackals (D:3)
  5 quokkas
  7 ball pythons
  3 bats
  3 frilled lizards
  15 kobolds
  8 rats
373 creatures vanquished.

Vanquished Creatures (collateral kills)
  A hydra (D:6)
  A killer bee (D:9)
  3 wights (D:9)
5 creatures vanquished.

Vanquished Creatures (others)
  10 fungi
  18 plants
28 creatures vanquished.

Grand Total: 406 creatures vanquished

Notes
Turn   | Place    | Note
-------+----------+-------------------------------------------
     0 | D:1      | 27snakeeyes612 the Naga Berserker began the quest for the
                  | Orb.
     0 | D:1      | Reached XP level 1. HP: 21/21 MP: 1/1
   534 | D:1      | Reached XP level 2. HP: 24/25 MP: 2/2
  1171 | D:1      | Found Yjiaruath's General Store.
  1213 | D:1      | Reached XP level 3. HP: 32/34 MP: 3/3
  1257 | D:1      | Found Peukimikk's Antique Armour Boutique.
  1669 | D:2      | Noticed Jessica
  1678 | D:2      | Killed Jessica
  1678 | D:2      | Reached ** piety under Trog
  1683 | D:2      | Reached XP level 4. HP: 30/44 MP: 4/4
  2263 | D:2      | Noticed Natasha
  2271 | D:2      | HP: 3/66 [Natasha (9)]
  2272 | D:2      | Killed Natasha
  2273 | D:2      | Reached skill level 1 in Stealth
  2273 | D:2      | Reached XP level 5. HP: 4/50 MP: 5/5
  3047 | D:2      | Noticed Natasha
  3063 | D:2      | Killed Natasha
  3137 | D:2      | Noticed Natasha
  3156 | D:2      | Killed Natasha
  3796 | D:3      | Reached XP level 6. HP: 35/57 MP: 6/6
  3870 | D:3      | Reached *** piety under Trog
  4549 | D:3      | Noticed Ijyb
  4564 | D:3      | Killed Ijyb
  4793 | D:3      | Reached skill level 5 in Axes
  5078 | D:3      | Reached XP level 7. HP: 6/66 MP: 7/7
  5535 | D:4      | Noticed a wyvern
  5546 | D:4      | Killed a wyvern
  5598 | D:4      | Reached skill level 5 in Fighting
  5711 | D:4      | Found a stormy altar of Qazlal.
  5953 | D:4      | Reached XP level 8. HP: 70/74 MP: 8/8
  6397 | D:5      | Entered Level 5 of the Dungeon
  6397 | D:5      | Noticed Grinder
  6410 | D:4      | Killed Grinder
  6739 | D:5      | Noticed Prince Ribbit
  6749 | D:5      | Killed Prince Ribbit
  6749 | D:5      | Reached **** piety under Trog
  7116 | D:5      | Found a staircase to the Ecumenical Temple.
  7552 | D:5      | Found a broken altar of Ashenzari.
  7698 | D:5      | Reached XP level 9. HP: 79/82 MP: 9/9
  7841 | D:5      | Reached skill level 5 in Armour
  8427 | D:6      | Noticed Eustachio
  8469 | D:5      | Killed Eustachio
  8616 | D:6      | Found a radiant altar of Vehumet.
  8640 | D:6      | Noticed a cyclops
  8660 | D:6      | Killed a cyclops
  8661 | D:6      | Reached skill level 1 in Shields
 10046 | D:6      | Noticed a six-headed hydra
 10227 | D:7      | Noticed Menkaure
 11233 | D:7      | Killed Menkaure
 11317 | D:6      | Reached XP level 10. HP: 60/92 MP: 10/10
 11347 | D:6      | Killed a six-headed hydra
 11558 | D:7      | Found a bloodstained altar of Trog.
 11627 | D:7      | Found a large runed translucent door.
 11628 | D:7      | Found a large runed translucent door.
 11702 | D:7      | Noticed Joseph
 11722 | D:7      | Killed Joseph
 12555 | D:7      | Found a runed translucent door.
 12556 | D:7      | Noticed Crazy Yiuf
 12569 | D:7      | Found a shimmering blue altar of Sif Muna.
 12604 | D:7      | Found the +10 dark maul {vorpal}
 12847 | D:7      | Found a burning altar of Makhleb.
 12856 | D:7      | Found a basalt altar of Yredelemnul.
 12949 | D:7      | Killed Crazy Yiuf
 13505 | D:8      | Found a staircase to the Lair.
 13859 | D:9      | Found a shimmering altar of Xom.
 13859 | D:9      | Found a shimmering altar of Xom.
 13859 | D:9      | Found a shimmering altar of Xom.
 13859 | D:9      | Found a shimmering altar of Xom.
 13859 | D:9      | Found a shimmering altar of Xom.
 13859 | D:9      | Found a shimmering altar of Xom.
 13859 | D:9      | Found a shimmering altar of Xom.
 13859 | D:9      | Found a shimmering altar of Xom.
 14208 | D:9      | Reached skill level 10 in Axes
 14208 | D:9      | Reached skill level 5 in Shields
 14281 | D:9      | Reached XP level 11. HP: 100/100 MP: 11/11
 14359 | D:9      | Found Acan Xar's Antique Armour Shop.
 14563 | D:9      | Noticed a salamander
 14745 | D:9      | Noticed a fire dragon
 14745 | D:9      | Noticed a fire crab
 14749 | D:9      | Noticed an alligator
 14749 | D:9      | a fire dragon changed into an alligator
 14752 | D:9      | a fire crab changed into a queen bee
 14914 | D:9      | Noticed a faun
 14916 | D:9      | a faun changed into a slime creature
 14956 | D:9      | Noticed a fire dragon
 14957 | D:9      | Noticed a ghost moth
 14957 | D:9      | a fire dragon changed into a ghost moth
 14962 | D:9      | Noticed a fire dragon
 14962 | D:9      | a ghost moth changed into a fire dragon
 14964 | D:9      | Noticed a satyr
 14964 | D:9      | a fire dragon changed into a satyr
 14995 | D:10     | Entered Level 10 of the Dungeon
 15657 | D:10     | Noticed a two-headed ogre
 15670 | D:10     | Killed a two-headed ogre
 16233 | D:10     | Noticed a two-headed ogre
 16247 | D:10     | Killed a two-headed ogre
 16555 | D:10     | Found a staircase to the Orcish Mines.
 16619 | D:10     | Reached skill level 1 in Maces & Flails
 17022 | D:11     | Noticed a two-headed ogre
 17028 | D:11     | Killed a two-headed ogre
 17269 | D:11     | Identified the +8 war axe of Putrescence {drain, Str+2}
 17388 | D:11     | Noticed a cyclops
 17399 | D:11     | Killed a cyclops
 17458 | D:11     | Noticed Erolcha
 17465 | D:11     | Killed Erolcha
 18012 | D:11     | Reached skill level 5 in Maces & Flails
 18021 | D:11     | Noticed a centaur warrior
 18031 | D:11     | Killed a centaur warrior
 18032 | D:11     | Reached XP level 12. HP: 106/111 MP: 12/12
 19386 | D:12     | Noticed Fannar
 19592 | D:12     | Killed Fannar
 21666 | D:9      | Noticed a bunyip
 21670 | D:9      | a bunyip changed into a tyrant leech
 21696 | Lair:1   | Entered Level 1 of the Lair of Beasts
 22967 | Lair:2   | Noticed a boulder beetle
 22987 | Lair:2   | Killed a boulder beetle
 22988 | Lair:2   | Gained mutation: You can use your snake-like lower body to
                  | constrict enemies. [Naga growth]
 22988 | Lair:2   | Reached XP level 13. HP: 113/120 MP: 13/13
 24105 | Lair:2   | Found a hole to the Spider Nest.
 24534 | Lair:3   | Identified a scroll of acquirement
 24534 | Lair:3   | Acquired a manual of Stealth
 24888 | Lair:3   | Reached skill level 10 in Armour
 25103 | Lair:3   | Identified the ring of Binag {rElec rCorr Str+7 Int+6
                  | Slay-2}
 25221 | Lair:3   | Noticed Nergalle
 25229 | Lair:3   | Killed Nergalle
 25333 | Lair:3   | Identified the +2 robe of Quantum Leap {Rampage rC+ rCorr
                  | Dex+5}
 25778 | Lair:3   | Found a staircase to the Shoals.
 26274 | Lair:3   | Mangled by an elephant

Illustrated notes

Levels and vault maps discovered:
D:1:      amcnicky_arrival_flooded_fountain, layout_basic, serial_shops, shop,
          shop, st_stairs_10, corexii_item_surrounded_by_moat
D:2:      minmay_alternating_diamond, layout_basic, grunt_ministairs_6,
          minmay_misc_feat_pillars, chequers_serial_rivers_micro_c,
          uniq_natasha, uniq_jessica
D:3:      cheibrodos_thug_alley, layout_basic, minmay_liquid_box,
          serial_bayou_pond_e, uniq_ijyb
D:4:      layout_basic, lemuel_tele_altar
D:5:      layout_basic, kennysheep_little_box, minmay_temple_entry_arrows,
          chequers_serial_rivers_room_a, uniq_prince_ribbit1, uniq_grinder
D:6:      layout_basic, vehumet_crystals, minmay_misc_feat_encased,
          uniq_eustachio
D:7:      layout_cave_pools, trog_hazing_becter, jmf_multi_god_temple2,
          amcnicky_altar_gilded, uniq_crazy_yiuf_cottage, uniq_joseph,
          uniq_menkaure
D:8:      layout_cave_pools, erik_lair_orcish_takeover
D:9:      layout_rooms, xom_shifter_show, serial_shops, shop,
          serial_corexii_hall, chequers_hall_statues_y,
          chequers_hall_statues_corner_a, kennysheep_opposing_triangles
D:10:     layout_basic, orc_0_dummy, minmay_statues_item
D:11:     layout_loops_ring, serial_co_window_serial, co_window_corner_a,
          co_window_corner_a, co_window_corner_a, co_window_paths_a,
          co_window_of_opportunity_a, co_window_broadway_b, co_window_paths_c,
          co_window_unsneaky_path_d, co_window_paths_d, glass_columns_b,
          glass_columns_a, glass_columns_a, glass_columns_a, glass_columns_b,
          uniq_erolcha
D:12:     layout_loops_corners, uniq_fannar
Lair:1:   layout_cave_pods, columned_hall_lemuel, grunt_megastairs_1,
          lemuel_fruit_fields
Lair:2:   layout_small_grid, nicolae_spider_entry_orb_guardian,
          nicolae_quartered_pool_little, minmay_stone_trees_small,
          beast_lair_carwin_3, infiniplex_staircase_pool_2
Lair:3:   layout_regular_city, minmay_shoals_entry_lonely_mermaid,
          serial_bayou_shore_a, uniq_nergalle
Lair:4:   layout_regular_city, bobbens_ice_dragon_lair

Skill      XL: |  1  2  3  4  5  6  7  8  9 10 11 12 13 |
---------------+----------------------------------------+-----
Dodging        | 2 3 |  3.5
Fighting       | 4 5 6 7 8 9 |  9.9
Axes           | 4 5 6 7 8 10 | 10.4
Stealth        | 1 2 3 |  3.5
Armour         | 2 3 4 6 7 8 9 10 | 10.3
Shields        | 3 5 6 7 9 |  9.2
Maces & Flails | 5 8 9 |  9.9
Evocations     | |  0.1

Action                   |  1- 3 |  4- 6 |  7- 9 | 10-12 | 13-15 || total
-------------------------+-------+-------+-------+-------+-------++-------
Melee: Hand axe          |    79 |   258 |   372 |     1 |       ||   710
       War axe           |       |       |       |   234 |       ||   234
       Demon whip        |       |       |       |   516 |   376 ||   892
       Constrict         |       |       |       |       |    57 ||    57
Invok: Berserk           |     2 |     5 |    19 |    17 |     2 ||    45
       Brothers in Arms  |       |       |       |     5 |       ||     5
       Trog's Hand       |       |       |       |     6 |     4 ||    10
 Abil: Spit Poison       |       |     1 |     1 |       |       ||     2
Evoke: Wand              |       |       |       |       |     3 ||     3
  Use: Scroll            |       |     6 |     2 |    10 |     4 ||    22
       Potion            |       |       |     1 |       |     1 ||     2
 Stab: Distracted        |       |       |       |     1 |       ||     1
Armor: Animal skin       |    14 |    16 |       |       |       ||    30
       Plate armour      |       |   108 |   251 |   331 |   175 ||   865
Dodge: Dodged            |    37 |    82 |    40 |    48 |    70 ||   277
Block: Tower shield      |       |       |   211 |   673 |   385 ||  1269

Table legend: (Time is in decaauts)
 A = Elapsed time spent in this place.
 B = Non-inter-level travel time spent in this place.
 C = Inter-level travel time spent in this place.
 D = Time resting spent in this place.
 E = Time spent auto-exploring this place.
 F = Levels seen in this place.
 G = Mean time per level.
                   A        B        C        D        E       F      G
               +--------+--------+--------+--------+--------+-----+--------+
         Total |  31137 |  30148 |    989 |   6489 |  19928 |  16 | 1946.1 |
       Dungeon |  25646 |  24751 |    895 |   5840 |  15940 |  12 | 2137.2 |
          Lair |   5491 |   5398 |     93 |    649 |   3988 |   4 | 1372.8 |
               +--------+--------+--------+--------+--------+-----+--------+

Top non-repeatable levels by time:
    D:12: 3110 daAuts
     D:5: 3052 daAuts
     D:6: 2573 daAuts
     D:2: 2472 daAuts
    D:10: 2335 daAuts
    D:11: 2298 daAuts
  Lair:2: 2110 daAuts
     D:3: 2030 daAuts
     D:7: 1895 daAuts
     D:1: 1866 daAuts
  Lair:1: 1535 daAuts
     D:4: 1512 daAuts
  Lair:3: 1505 daAuts
     D:9: 1284 daAuts
     D:8: 1214 daAuts
